 Dungeon Crawl Stone Soup version 0.30-a0-949-g53dc5368d7 (webtiles) character file.

Game seed: 6154186822369042122

16 PLAYERX the Charlatan (level 2, -2/20 HPs)
             Began as a Gnoll Wanderer on Mar 27, 2023.
             Slain by a hobgoblin (3 damage)
             ... on level 1 of the Dungeon.
             The game lasted 00:03:33 (621 turns).

PLAYERX the Charlatan (Gnoll Wanderer)               Turns: 621, Time: 00:03:34

Health: -2/20      AC:  2    Str:  8    XL:     2   Next: 58%
Magic:  5/5        EV: 12    Int: 14    God:
Gold:   32         SH:  0    Dex: 11    Spells: 6/6 levels left

rFire   . . .      SeeInvis .    a - +0 dagger
rCold   . . .      Faith    .    (no shield)
rNeg    . . .      Spirit   .    b - +0 robe
rPois   .          Reflect  .    (no helmet)
rElec   .          Rampage  .    (no cloak)
rCorr   .                        (no gloves)
Will    .....                    (no boots)
Stlth   +                        (no amulet)
HPRegen 0.23/turn                (no ring)
MPRegen 0.09/turn                (no ring)

@: no status effects
A: fangs 1, strong nose, distributed training
a: no special abilities


You were on level 1 of the Dungeon.
You visited 1 branch of the dungeon, and saw 1 of its levels.

You collected 32 gold pieces.

Inventory:

Hand Weapons
 a - a +0 dagger (weapon)
Missiles
 h - 6 stones (quivered)
Armour
 b - a +0 robe (worn)
Wands
 d - a wand of polymorph (5)
Scrolls
 c - a scroll of identify {unknown}
 f - a scroll of magic mapping {unknown}
 g - a scroll of amnesia {unknown}
Potions
 e - a potion of curing {unknown}
 i - a potion of resistance {unknown}


   Skills:
 + Level 0.5 Fighting
 + Level 0.5 Short Blades
 + Level 0.5 Long Blades
 + Level 0.5 Axes
 + Level 0.5 Maces & Flails
 + Level 0.5 Polearms
 + Level 0.5 Staves
 + Level 0.5 Ranged Weapons
 + Level 0.5 Throwing
 + Level 0.5 Armour
 + Level 2.5 Dodging
 + Level 0.5 Stealth
 + Level 0.5 Shields
 + Level 0.5 Unarmed Combat
 + Level 2.7 Spellcasting
 + Level 0.3 Conjurations
 + Level 0.3 Hexes
 + Level 0.3 Summonings
 + Level 0.3 Necromancy
 + Level 0.3 Translocations
 + Level 0.3 Transmutations
 + Level 2.0 Fire Magic
 + Level 0.3 Ice Magic
 + Level 0.3 Air Magic
 + Level 5.3 Earth Magic
 + Level 0.3 Poison Magic
 + Level 2.5 Invocations
 + Level 6.5 Evocations


You had 6 spell levels left.
You didn't know any spells.
Your spell library contained the following spells:

 Spells                   Type           Power      Damage    Failure   Level
 Sandblast                Erth           34%        2d9       2%          1
 Foxfire                  Conj/Fire      20%        2x1d5     14%         1
 Stone Arrow              Conj/Erth      18%        3d8       21%         3
 Ignite Poison            Fire/Tmut/Pois 4%         N/A       41%         3
 Leda's Liquefaction      Hex/Erth       4%         N/A       56%         4


Dungeon Overview and Level Annotations

Branches:
Dungeon (1/15)

Altars:


Innate Abilities, Weirdness & Mutations

You have very sharp teeth.
Your uncanny sense of smell can sniff out nearby items.
Your experience applies equally to all skills.


Message History

The hobgoblin hits you. The frilled lizard closely misses you.
You are too injured to fight recklessly!
You are too injured to fight recklessly!
You hit the hobgoblin but do no damage.
The hobgoblin is heavily wounded.
The hobgoblin completely misses you. The frilled lizard closely misses you.
You hit the endoplasm.
The endoplasm is moderately wounded.
The hobgoblin closely misses you. The frilled lizard bites you.
The endoplasm freezes you.
You are frozen.
* * * LOW HITPOINT WARNING * * *
You hit the hobgoblin but do no damage.
The hobgoblin is moderately wounded.
The hobgoblin closely misses you. The frilled lizard misses you.
The endoplasm closely misses you.
You closely miss the hobgoblin. Your bite misses the hobgoblin.
The hobgoblin is moderately wounded.
The hobgoblin closely misses you. The frilled lizard closely misses you.
The endoplasm hits you but does no damage.
You hit the hobgoblin but do no damage.
The hobgoblin is moderately wounded.
The hobgoblin hits you.
* * * LOW HITPOINT WARNING * * *
The frilled lizard completely misses you.
The endoplasm closely misses you.
You hit the frilled lizard.
You kill the frilled lizard!
The hobgoblin closely misses you. The endoplasm barely misses you.
You hit the endoplasm but do no damage.
The endoplasm is moderately wounded.
The hobgoblin hits you.
* * * LOW HITPOINT WARNING * * *
The endoplasm freezes you.
You are frozen.
* * * LOW HITPOINT WARNING * * *
You hit the endoplasm.
The endoplasm is severely wounded.
The hobgoblin hits you.
You die...

...# ###.# #.# . #.##..
####### . #####......
......#####.##.........#
.............+.........+
#####.####.###..Jg.!..$#
.........#.# #..@......#
#####.##.#.###).†......#
#.##.#...'.........#
#####....#..##†........#
.........#..#....###+###
########.#..#.##.#
.....†.#.#..#. #...
######.#.#..#. #####
#.#.#..#.


You could see an endoplasm and a hobgoblin.

Vanquished Creatures
  A dart slug (D:1)
  A giant cockroach (D:1)
  2 goblins (D:1)
  2 hobgoblins (D:1)
  A quokka (D:1)
  2 ball pythons (D:1)
  3 frilled lizards (D:1)
  A kobold (D:1)
  2 rats (D:1)
15 creatures vanquished.

Notes
Turn   | Place    | Note
-------+----------+-------------------------------------------
     0 | D:1      | PLAYERX the Gnoll Wanderer began the quest for the Orb.
     0 | D:1      | PLAYERX set off with the following items: a +0 dagger, a
                  | potion of lignification, a +0 robe, a wand of polymorph
                  | (5); and the following spells available to memorise:
                  | Sandblast, Foxfire, Stone Arrow, Ignite Poison, Leda's
                  | Liquefaction.
     0 | D:1      | Reached XP level 1. HP: 13/13 MP: 4/4
   137 | D:1      | Reached XP level 2. HP: 10/20 MP: 5/5
   620 | D:1      | HP: 1/20 [frozen (1)]
   621 | D:1      | Slain by a hobgoblin

Illustrated notes

Levels and vault maps discovered:
D:1:      dpeg_arrival_fog, layout_basic,
          shapermc_ecumenical_altar_starsandcircs, st_stairs_8

Skill      XL: |  1 |
---------------+----+-----
Fire Magic     | 2 |  2.0
Fighting       | |  0.5
Short Blades   | |  0.5
Long Blades    | |  0.5
Axes           | |  0.5
Maces & Flails | |  0.5
Polearms       | |  0.5
Staves         | |  0.5
Ranged Weapons | |  0.5
Throwing       | |  0.5
Armour         | |  0.5
Dodging        | |  2.5
Stealth        | |  0.5
Shields        | |  0.5
Unarmed Combat | |  0.5
Spellcasting   | |  2.7
Conjurations   | |  0.3
Hexes          | |  0.3
Summonings     | |  0.3
Necromancy     | |  0.3
Translocations | |  0.3
Transmutations | |  0.3
Ice Magic      | |  0.3
Air Magic      | |  0.3
Earth Magic    | |  5.3
Poison Magic   | |  0.3
Invocations    | |  2.5
Evocations     | |  6.5

Action                     || total
---------------------------++-------
  Melee: Dagger            ||    70
         Bite              ||     6
         Punch             ||     1
    Use: Potion            ||     1
 Armour: Skin              ||    19
         Robe              ||     4
  Dodge: Dodged            ||    37

Table legend: (Time is in decaauts)
 A = Elapsed time spent in this place.
 B = Non-inter-level travel time spent in this place.
 C = Inter-level travel time spent in this place.
 D = Time resting spent in this place.
 E = Time spent auto-exploring this place.
 F = Levels seen in this place.
 G = Mean time per level.
                   A        B        C        D        E       F      G
               +--------+--------+--------+--------+--------+-----+--------+
         Total |    620 |    620 |      0 |    219 |    221 |   1 |  620.0 |
       Dungeon |    620 |    620 |      0 |    219 |    221 |   1 |  620.0 |
               +--------+--------+--------+--------+--------+-----+--------+

Top non-repeatable levels by time:
     D:1: 620 daAuts
